 Dungeon Crawl Stone Soup version 0.30.1-4-g462c640d31 (webtiles) character file.

Game seed: 529303700838019235

1103 Babbit the Geomancer (level 8, -5/41 HPs)
             Began as a Gargoyle Earth Elementalist on Aug 20, 2023.
             Was a Follower of Vehumet.
             Slain by an unseen horror (7 damage)
             ... on level 6 of the Dungeon.
             The game lasted 00:35:05 (5809 turns).

Babbit the Geomancer (Gargoyle Earth Elementalist)  Turns: 5809, Time: 00:35:06

Health: -5/41      AC:  8    Str: 12    XL:     8   Next: 32%
Magic:  17/17      EV: 17    Int: 24    God:    Vehumet [*.....]
Gold:   226        SH:  0    Dex: 10    Spells: 15/19 levels left

rFire   . . .        y - staff of cold
rCold   + . .        (no shield)
rNeg    + . .        a - +0 robe
rPois   ∞            (no helmet)
rElec   +            (no cloak)
rCorr   .            s - +0 pair of gloves
SInv    .            (no boots)
Will    .....        i - amulet of faith
Stlth   ++           f - +5 ring of evasion
HPRegen 0.26/turn    r - +6 ring of intelligence
MPRegen 0.15/turn

%: faith
@: no status effects
A: sickness immunity, AC +5, negative energy resistance 1, electricity
resistance, torment resistance 1, petrification resistance
a: Renounce Religion


You were on level 6 of the Dungeon.
You worshipped Vehumet.
Vehumet was aware of your devotion.
You visited 2 branches of the dungeon, and saw 7 of its levels.
You also visited: Sewer.

You collected 226 gold pieces.

Inventory:

Missiles
 t - a boomerang of dispersal
 B - a throwing net
Armour
 a - a +0 robe (worn)
 q - an orb of guile
 s - a +0 pair of gloves (worn)
Magical Staves
 y - a staff of cold (weapon)
Jewellery
 f - a +5 ring of evasion (left hand)
 i - an amulet of faith (around neck)
 r - a +6 ring of intelligence (right hand)
Wands
 k - a wand of polymorph (8)
 n - a wand of mindburst (29)
Scrolls
 g - a scroll of vulnerability {unknown}
 l - 4 scrolls of teleportation
 o - 2 scrolls of summoning {unknown}
 p - a scroll of amnesia {unknown}
 x - a scroll of immolation {unknown}
 z - a scroll of fog {unknown}
Potions
 b - 2 potions of magic
 c - a potion of resistance {unknown}
 d - a potion of mutation
 e - 3 potions of lignification
 h - 2 potions of might
 j - 3 potions of degeneration {unknown}
 m - a potion of haste {unknown}
 u - 2 potions of curing
 v - 3 potions of flight
 A - a potion of attraction {unknown}


   Skills:
 + Level 0.2 Fighting
 + Level 0.2 Short Blades
 + Level 1.7 Dodging
 + Level 3.6 Stealth
 + Level 0.1 Unarmed Combat
 + Level 6.2 Spellcasting
 + Level 1.5 Conjurations
 + Level 0.7 Transmutations
 + Level 8.2 Earth Magic


You had 15 spell levels left.
You knew the following spells:

 Your Spells              Type           Power      Damage    Failure   Level
a - Sandblast             Erth           94%        2d19      1%          1
b - Stone Arrow           Conj/Erth      62%        3d10      3%          3

Your spell library contained the following spells:

 Spells                   Type           Power      Damage    Failure   Level
 Kiss of Death            Conj/Necr      44%        2d8       5%          1
 Passwall                 Tmut/Erth      23%        N/A       1%          2
 Petrify                  Tmut/Erth      28%        N/A       12%         4
 Dazzling Flash           Conj/Hex       22%        N/A       17%         3
 Volatile Blastmotes      Fire/Tloc      14%        2d11      24%         3
 Iskenderun's Mystic Bla  Conj/Tloc      11%        2d4       50%         4
 Starburst                Conj/Fire      5%         6d4       100%        6


Dungeon Overview and Level Annotations

Branches:
Dungeon (6/15)             Temple (1/1) D:5           Sewer (visited)

Altars:
Ashenzari
Cheibriados
Dithmenos
Fedhas
Gozag
Kikubaaqudgha
Makhleb
Nemelex Xobeh
Okawaru
Trog
Uskayaw
Vehumet
Wu Jian
Xom
Yredelemnul
Zin


Innate Abilities, Weirdness & Mutations

You are immune to sickness and miasma.
Your stone body is resilient. (AC +5)
You are immune to poison.
You resist negative energy. (rN+)
You are resistant to electric shocks. (rElec)
You are resistant to unholy torment.
You are immune to petrification.


Message History

Something barely misses you. Something hits you but does no damage.
Something hits you. Something barely misses you.
Something hits you but does no damage. Something hits you.
* * * LOW HITPOINT WARNING * * *
Something barely misses you. Something closely misses you.
Something hits you but does no damage. Something hits you but does no damage.
Something hits you but does no damage. x2
Something barely misses you. Something hits you.
* * * LOW HITPOINT WARNING * * *
Something barely misses you.
You start resting.
Something hits you.
* * * LOW HITPOINT WARNING * * *
You feel much better. Something hits you. Something hits you.
You miss something. Something hits you but does no damage.
Something hits you but does no damage.
You see here 4 boomerangs.
Something hits you!
Casting: Sandblast (safe; 1% risk of failure)
Confirm with . or Enter, or press ? or * to list all spells.
You don't know that spell.
Casting: Sandblast (safe; 1% risk of failure)
Confirm with . or Enter, or press ? or * to list all spells.
You can't see any susceptible monsters within range! (Use Z to cast anyway.)
Something hits you. Something hits you but does no damage.
You see here 4 boomerangs.
You miss something.
Something hits you but does no damage. x2
You miss something. Something hits you!
* * * LOW HITPOINT WARNING * * *
Something hits you!
* * * LOW HITPOINT WARNING * * *
You closely miss something. Something closely misses you.
Okay, then.
Something hits you!
You die...

...# ... # ###.#
# #.#. #...## .#
.....#....##.#.#
#......._......#
.#.##....#..##
###### ##.(.# .#
.....#
#.###@###..#
...<.###
#..........#
.....#.##
#####......#
......#.##
#.#..######
.....###.# #..(##
......#.#####>###
#...##.#......#
.....#.#.######
.....#.#.#


There were no monsters in sight!

Vanquished Creatures
  A black bear (D:5)
  An ogre (D:5)
  2 centaurs (D:5)
  A kobold brigand (Sewer)
  A scorpion (D:4)
  2 jellies
  A gnoll bouda (D:5)
  Jessica (D:2)
  6 iguanas
  2 orc wizards
  Robin (D:4)
  9 gnolls (D:5)
  5 adders
  2 river rats (Sewer)
  2 shadow imps (D:5)
  A white imp (D:6)
  3 worms
  A dart slug (D:5)
  19 orcs
  8 endoplasms
  8 giant cockroaches
  15 goblins
  9 hobgoblins
  2 jackals (Sewer)
  6 quokkas
  11 ball pythons
  4 bats
  4 frilled lizards
  10 kobolds
  6 rats
144 creatures vanquished.

Notes
Turn   | Place    | Note
-------+----------+-------------------------------------------
     0 | D:1      | Babbit the Gargoyle Earth Elementalist began the quest for
                  | the Orb.
     0 | D:1      | Reached XP level 1. HP: 10/10 MP: 3/3
   250 | D:1      | Reached skill level 4 in Earth Magic
   371 | D:1      | Reached XP level 2. HP: 15/15 MP: 3/5
  1600 | D:2      | Reached XP level 3. HP: 19/19 MP: 4/6
  1665 | D:2      | Noticed Jessica
  1666 | D:2      | Killed Jessica
  1715 | D:2      | Reached XP level 4. HP: 24/24 MP: 5/8
  2048 | D:2      | Reached skill level 5 in Earth Magic
  2404 | D:3      | Found a faded altar of an unknown god.
  2491 | D:3      | Reached XP level 5. HP: 26/28 MP: 7/10
  3329 | D:4      | Learned a level 3 spell: Stone Arrow
  3438 | D:4      | Noticed Robin
  3447 | D:4      | Reached skill level 6 in Earth Magic
  3449 | D:4      | Reached XP level 6. HP: 27/32 MP: 1/12
  3457 | D:4      | Killed Robin
  3591 | D:4      | Found a glowing drain.
  3618 | Sewer    | Entered a sewer
  3813 | Sewer    | Found a white marble altar of Elyvilon.
  4229 | D:4      | Reached XP level 7. HP: 36/36 MP: 12/14
  4679 | D:5      | Entered Level 5 of the Dungeon
  4682 | D:5      | Reached skill level 5 in Spellcasting
  4682 | D:5      | Reached skill level 7 in Earth Magic
  4941 | D:5      | Found a staircase to the Ecumenical Temple.
  4951 | Temple   | Entered the Ecumenical Temple
  4971 | Temple   | Became a worshipper of Vehumet
  5129 | D:5      | Reached XP level 8. HP: 41/41 MP: 14/16
  5257 | D:5      | Reached skill level 8 in Earth Magic
  5260 | D:5      | Reached skill level 1 in Conjurations
  5284 | D:5      | Reached * piety under Vehumet
  5284 | D:5      | Offered knowledge of Kiss of Death by Vehumet.
  5760 | D:6      | Found an ancient bone altar of Kikubaaqudgha.
  5807 | D:6      | HP: 1/41 [something (7)]
  5809 | D:6      | Slain by an unseen horror

Illustrated notes

Levels and vault maps discovered:
D:1:      minmay_arrival_semitransparent, layout_basic, chequers_big_river
D:2:      layout_rooms, eino_curves_02, roderic_roman_lattice, uniq_jessica
D:3:      layout_loops_cross, hellmonk_ecumenical_altar_lost_god
D:4:      layout_basic, portal_sewer_entry_f, uniq_robin
D:5:      layout_basic, temple_fountains
D:6:      layout_loops_cross, nicolae_overflow_crystal_walls,
          nicolae_ru_sacrificial_ziggurat
Temple:   nicolae_temple_no_exploring_needed

Skill      XL: |  1  2  3  4  5  6  7  8 |
---------------+-------------------------+-----
Earth Magic    | 4 5 6 7 8 |  8.2
Spellcasting   | 3 4 5 6 |  6.2
Stealth        | 3 |  3.6
Conjurations   | 1 |  1.5
Fighting       | |  0.2
Short Blades   | |  0.2
Dodging        | |  1.7
Unarmed Combat | |  0.1
Transmutations | |  0.7

Action                     |  1- 3 |  4- 6 |  7- 9 || total
---------------------------+-------+-------+-------++-------
  Melee: Unarmed           |       |     5 |       ||     5
         Dagger            |       |     1 |       ||     1
         Staff             |       |       |    17 ||    17
         Punch             |       |       |     1 ||     1
   Cast: Sandblast         |    37 |   108 |    51 ||   196
         Stone Arrow       |       |       |     2 ||     2
    Use: Scroll            |       |     4 |     1 ||     5
         Potion            |       |       |     1 ||     1
 Armour: Robe              |     2 |    19 |    22 ||    43
  Dodge: Dodged            |     8 |    44 |    27 ||    79
